 Dungeon Crawl Stone Soup version 0.28.0-53-g5a82cb258f (webtiles) character file.

Game seed: 7822898798583052681

8668 pkoi the Destroyer (level 10, -2/78 HPs)
             Began as a Demigod Conjurer on May 26, 2022.
             Slain by a boulder beetle (21 damage)
             ... on level 10 of the Dungeon.
             The game lasted 00:27:44 (21724 turns).

pkoi the Destroyer (Demigod Conjurer)              Turns: 21724, Time: 00:27:44

Health: -2/78      AC:  6    Str:  8    XL:     10   Next: 89%
Magic:  2/19       EV: 13    Int: 32    God:
Gold:   543        SH:  0    Dex: 12    Spells: 0/17 levels left

rFire   . . .      SeeInvis .   m - +4 mace (spect)
rCold   . . .      Faith    .   (no shield)
rNeg    . . .      Spirit   .   A - +1 steam dragon scales
rPois   .          Reflect  .   (no helmet)
rElec   .          Harm     .   (no cloak)
rCorr   .          Rampage  .   (no gloves)
Will    +....                   (no boots)
Stlth   ++........              (no amulet)
HPRegen 0.23/turn               (no ring)
MPRegen 0.16/turn               (no ring)

@: no status effects
A: high MP 1, forlorn, divine attributes
a: no special abilities


You were on level 10 of the Dungeon.
You visited 1 branch of the dungeon, and saw 10 of its levels.

You collected 543 gold pieces.

Inventory:

Hand Weapons
 b - a +0 club
 e - a +0 short sword
 f - a +1 whip
 m - a +4 spectral mace (weapon)
 n - the +4 mace of Wouxt {drain, rC- Int+3 Stlth+}
   (You took it off an orc warrior on level 8 of the Dungeon)

   A truly terrible weapon, it drains the life of any living foe it strikes.
   Int:       It affects your intelligence (+3).
   rC:        It makes you vulnerable to cold.
   Stlth:     It makes you more stealthy.
Missiles
 i - 31 poisoned darts
Armour
 a - a +0 robe
 A - +1 steam dragon scales (worn)
Jewellery
 C - a ring of ice
Wands
 k - a wand of digging (8)
 E - a wand of paralysis (3)
Scrolls
 r - a scroll of acquirement
 s - a scroll of blinking
 t - 5 scrolls of identify
 u - a scroll of amnesia
 v - a scroll of enchant armour
 y - 2 scrolls of teleportation
 B - a scroll of fog
Potions
 c - a potion of ambrosia
 g - a potion of resistance
 h - 2 potions of brilliance
 j - 4 potions of curing
 o - a potion of attraction {unknown}
 p - a potion of magic
 w - a potion of berserk rage
 x - a potion of flight
 z - a potion of cancellation
 F - a potion of haste {unknown}


   Skills:
 - Level 4.0 Fighting
 + Level 5.1 Dodging
 - Level 1.7 Stealth
 - Level 4.0 Spellcasting
 + Level 10.1 Conjurations
 + Level 6.1 Hexes
 - Level 6.0 Translocations
 + Level 1.9 Transmutations
 + Level 2.0 Fire Magic
 - Level 3.0 Air Magic
 - Level 3.0 Poison Magic


You couldn't memorise any spells.
You knew the following spells:

 Your Spells              Type           Power      Damage    Failure   Level
a - Magic Dart            Conj           100%       1d8       1%          1
b - Searing Ray           Conj           100%       2d8       1%          2
c - Iskenderun's Mystic   Conj/Tloc      55%        2d12      1%          4
d - Fulminant Prism       Conj/Hex       27%        3d14      1%          4
e - Mephitic Cloud        Conj/Pois/Air  40%        N/A       1%          3
f - Ignite Poison         Fire/Tmut/Pois 21%        N/A       7%          3

Your spell library contained the following spells:

 Spells                   Type           Power      Damage    Failure   Level
 Dazzling Flash           Conj/Hex       100%       N/A       1%          3
 Gell's Gravitas          Tloc           44%        N/A       1%          3
 Lesser Beckoning         Tloc           44%        N/A       1%          3
 Teleport Other           Tloc           44%        N/A       1%          3
 Summon Guardian Golem    Hex/Summ       26%        N/A       4%          3
 Summon Small Mammal      Summ           24%        N/A       5%          1
 Sublimation of Blood     Necr           6%         N/A       9%          2
 Irradiate                Conj/Tmut      22%        3d21      13%         5
 Call Canine Familiar     Summ           6%         N/A       17%         3
 Freezing Cloud           Conj/Ice/Air   17%        6-21      26%         5
 Petrify                  Tmut/Erth      12%        N/A       36%         4


Dungeon Overview and Level Annotations

Branches:
Dungeon (10/15)            Temple (0/1) D:6            Lair (0/6) D:8
    Orc: D:9-12

Shops:
D:4 (   D:5 [

Annotations:
D:7 5 runed translucent doors, staff olgreb


Innate Abilities, Weirdness & Mutations

You have an increased reservoir of magic. (+10% MP)
You shall have no god before yourself.
Your divine heritage dramatically boosts your attributes as you level up.


Message History

You hit the boulder beetle but do no damage.
The boulder beetle is moderately wounded.
Your +4 spectral mace hits the boulder beetle.
The boulder beetle bites itself!!
Unknown command.
The boulder beetle seems less confused.
You hit the boulder beetle but do no damage.
The boulder beetle is heavily wounded.
Your +4 spectral mace hits the boulder beetle but does no damage.
The boulder beetle bites you but does no damage.
Unknown command.
You hit the boulder beetle.
The boulder beetle is heavily wounded.
Your +4 spectral mace hits the boulder beetle but does no damage.
The boulder beetle bites you!
* * * LOW HITPOINT WARNING * * *
Unknown command.
You hit the boulder beetle but do no damage.
The boulder beetle is heavily wounded.
Your +4 spectral mace hits the boulder beetle but does no damage.
The boulder beetle bites you!!
* * * LOW HITPOINT WARNING * * *
The boulder beetle misses you.
Unknown command.
The boulder beetle curls into a ball and begins rolling!
The boulder beetle misses you.
The boulder beetle stops rolling and uncurls.
There is a stone staircase leading up, spattered with blood here.
Casting: Mephitic Cloud (safe; 1% risk of failure)
Confirm with . or Enter, or press ? or * to list all spells.
You don't have enough magic to cast this spell.
Okay, then.
Unknown command.
Okay, then.
Okay, then.
Aiming: Paralyse
Press: ? - help, Shift-Dir - straight line, f - boulder beetle
Aim: a boulder beetle (heavily wounded, chance to affect: 31%)
The boulder beetle easily resists.
The boulder beetle bites you!!
You die...

#..≈≈≈*,,,,,,',,,*
#..≈≈8*,,,,,,*,,,###########
#.#****'**'***,,,#.....?....
#.#>,,,,,*,,,*,,,#..........
#.#,,,,,,*,,,*,,,#..........
#(#,,,,,,*,,,*,,,#..........
#.################.........[
#...[.......................
##.........@B°°.............
###########################


You could see a boulder beetle.

Vanquished Creatures
  2 two-headed ogres (D:9)
  A flayed ghost (D:10)
  A deep elf pyromancer (D:8)
  An ugly thing (D:8)
  A cyclops (D:10)
  A troll (D:8)
  A shadow (D:10)
  A wraith (D:10)
  A wyvern (D:9)
  5 steam dragons
  3 vampire mosquitoes (D:10)
  A water moccasin (D:5)
  A sky beast (D:7)
  A black bear (D:7)
  3 orc warriors
  2 necrophages (D:7)
  3 wolves (D:8)
  3 centaurs
  An ogre (D:5)
  3 phantoms (D:4)
  3 kobold brigands
  2 bullfrogs (D:7)
  A scorpion (D:5)
  A water moccasin skeleton (D:4)
  12 killer bees
  10 wights
  2 electric eels (D:8)
  2 howler monkeys
  3 centaur zombies
  2 bullfrog skeletons
  A bullfrog zombie (D:6)
  8 hounds
  2 centaur skeletons
  6 orc priests
  A gnoll shaman (D:6)
  5 orc wizards
  A killer bee zombie (D:4)
  A hound zombie (D:5)
  Robin (D:3)
  4 gnolls (D:6)
  6 adders
  A shadow imp (D:6)
  2 white imps
  A worm zombie (D:8)
  An adder skeleton (D:4)
  5 dart slugs
  29 orcs
  5 bats
  11 endoplasms
  4 giant cockroaches
  14 goblins
  16 hobgoblins
  4 quokkas
  10 ball pythons
  A frilled lizard (D:3)
  24 kobolds
  An orc zombie (D:8)
  11 rats
  2 fulminant prisms (D:10)
252 creatures vanquished.

Vanquished Creatures (others)
  74 fulminant prisms
  11 fungi (D:6)
  15 plants (D:2)
100 creatures vanquished.

Grand Total: 352 creatures vanquished

Notes
Turn   | Place    | Note
-------+----------+-------------------------------------------
     0 | D:1      | pkoi the Demigod Conjurer began the quest for the Orb.
     0 | D:1      | Reached XP level 1. HP: 14/14 MP: 5/5
   443 | D:1      | Reached skill level 4 in Conjurations
   443 | D:1      | Reached XP level 2. HP: 20/20 MP: 2/7
  1315 | D:2      | Reached XP level 3. HP: 26/26 MP: 0/8
  2224 | D:2      | Reached skill level 5 in Conjurations
  2748 | D:3      | Learned a level 2 spell: Searing Ray
  3167 | D:3      | Reached XP level 4. HP: 28/33 MP: 4/9
  3798 | D:3      | Learned a level 4 spell: Iskenderun's Mystic Blast
  3917 | D:4      | Reached skill level 1 in Translocations
  3917 | D:4      | Reached XP level 5. HP: 33/38 MP: 1/10
  4053 | D:4      | Reached skill level 6 in Conjurations
  4451 | D:4      | Noticed Robin
  4533 | D:3      | Killed Robin
  4943 | D:4      | Reached XP level 6. HP: 14/45 MP: 1/11
  5519 | D:4      | Found Saseneb's Antique Weapon Shop.
  6144 | D:5      | Entered Level 5 of the Dungeon
  6320 | D:5      | Found Ahoug's Antique Armour Shoppe.
  6343 | D:5      | Noticed a water moccasin
  6350 | D:5      | Killed a water moccasin
  6351 | D:5      | Reached XP level 7. HP: 29/50 MP: 4/13
  6957 | D:5      | Reached skill level 7 in Conjurations
  8745 | D:6      | Reached skill level 5 in Translocations
  9310 | D:6      | Noticed a steam dragon
  9310 | D:6      | Noticed a steam dragon
  9642 | D:6      | Identified a scroll of acquirement
  9765 | D:6      | Reached XP level 8. HP: 57/57 MP: 10/14
  9953 | D:6      | Learned a level 4 spell: Fulminant Prism
  9966 | D:6      | Reached skill level 8 in Conjurations
  9966 | D:6      | Reached skill level 1 in Hexes
 10086 | D:6      | Found a staircase to the Ecumenical Temple.
 10668 | D:7      | Found a runed translucent gate.
 10669 | D:7      | Found the +9 staff of Olgreb {rPois∞}
 10684 | D:7      | Found a runed translucent door.
 12784 | D:7      | Found a runed translucent gate.
 12784 | D:7      | Found a runed translucent gate.
 12804 | D:7      | Found a runed translucent door.
 12923 | D:7      | Reached XP level 9. HP: 59/63 MP: 8/16
 13048 | D:8      | Reached skill level 9 in Conjurations
 13334 | D:8      | Reached skill level 1 in Fighting
 13351 | D:7      | HP: 3/64 [poisoned by a killer bee]
 14088 | D:8      | Noticed a deep elf pyromancer
 14096 | D:8      | Killed a deep elf pyromancer
 14307 | D:7      | Learned a level 3 spell: Mephitic Cloud
 14324 | D:8      | Identified the +4 mace of Wouxt {drain, rC- Int+3 Stlth+}
 15384 | D:8      | Reached skill level 1 in Air Magic
 15384 | D:8      | Reached skill level 1 in Poison Magic
 15721 | D:8      | Reached skill level 5 in Hexes
 17175 | D:8      | Found a staircase to the Lair.
 17427 | D:9      | Noticed a green ugly thing
 17512 | D:8      | Killed a green ugly thing
 17513 | D:8      | Reached XP level 10. HP: 46/77 MP: 0/18
 17774 | D:9      | Noticed a two-headed ogre
 17789 | D:9      | Killed a two-headed ogre
 18787 | D:9      | Noticed a two-headed ogre
 18807 | D:9      | Killed a two-headed ogre
 19438 | D:9      | Learned a level 3 spell: Ignite Poison
 19456 | D:10     | Entered Level 10 of the Dungeon
 19623 | D:10     | Noticed a boulder beetle
 20054 | D:10     | Reached skill level 1 in Transmutations
 20054 | D:10     | Reached skill level 1 in Fire Magic
 20056 | D:10     | Reached skill level 10 in Conjurations
 20743 | D:10     | Noticed a cyclops
 20753 | D:10     | Killed a cyclops
 20754 | D:10     | Reached skill level 5 in Dodging
 20791 | D:10     | Noticed a flayed ghost
 20797 | D:10     | Killed a flayed ghost
 21724 | D:10     | Slain by a boulder beetle

Illustrated notes

Levels and vault maps discovered:
D:1:      elethiomel_arrival_shortcut, layout_rooms,
          hellmonk_ecumenical_altar_arch_garden, minivault_11
D:2:      layout_loops_ring, serial_bayou, serial_bayou_pond_e,
          serial_bayou_lake_a, serial_bayou_pond_d, serial_bayou_pond_a,
          minmay_hexomino_f4
D:3:      minmay_octagon_keep, layout_loops_ring
D:4:      layout_gridville, mainiacjoe_overflow_concentric_impassable,
          serial_shops, shop, uniq_robin
D:5:      layout_basic, serial_shops, shop
D:6:      kennysheep_steamy, layout_loops_ring, minmay_temple_entry_arrows
D:7:      layout_rooms, minmay_guarded_unrand_staff_of_olgreb
D:8:      layout_loops_cross, erik_lair_island, enter_ossuary_3, minmay_orc_keep
D:9:      layout_basic
D:10:     layout_cross, evilmike_minifort

Skill      XL: |  1  2  3  4  5  6  7  8  9 10 |
---------------+-------------------------------+-----
Spellcasting   | 2 3 4 |  4.0
Conjurations   | 4 5 6 7 8 9 10 | 10.1
Translocations | 1 2 3 5 6 |  6.0
Hexes          | 3 5 6 |  6.1
Dodging        | 3 5 |  5.1
Fighting       | 3 4 |  4.0
Air Magic      | 2 3 |  3.0
Poison Magic   | 1 3 |  3.0
Transmutations | 1 |  1.9
Fire Magic     | 2 |  2.0
Stealth        | |  1.7

Action                   |  1- 3 |  4- 6 |  7- 9 | 10-12 || total
-------------------------+-------+-------+-------+-------++-------
Melee: Unarmed           |     4 |       |       |       ||     4
       Whip              |     8 |     1 |     2 |       ||    11
       Mace              |       |       |     5 |     9 ||    14
 Cast: Magic Dart        |   127 |   141 |   124 |     4 ||   396
       Searing Ray       |       |     3 |    31 |     1 ||    35
       Iskenderun's Myst |       |       |    31 |     6 ||    37
       Fulminant Prism   |       |       |    39 |    37 ||    76
       Mephitic Cloud    |       |       |       |     6 ||     6
       Ignite Poison     |       |       |       |     1 ||     1
Evoke: Wand              |       |       |       |     1 ||     1
  Use: Scroll            |       |       |    16 |     6 ||    22
       Potion            |       |       |     3 |       ||     3
Armor: Robe              |     3 |     4 |    25 |       ||    32
       Steam dragon scal |       |       |       |     2 ||     2
Dodge: Dodged            |    13 |    25 |    63 |    11 ||   112
